 Dungeon Crawl Stone Soup version 0.27.1-4-g1640c2035a (webtiles) character file.

Game seed: 10537857281520700874

4700 raph the Geomancer (level 10, -10/50 (59) HPs)
             Began as a Deep Elf Earth Elementalist on Nov 12, 2021.
             Was a Priest of Ashenzari.
             Mangled by a yak (13 damage)
             ... on level 1 of the Lair of Beasts.
             The game lasted 00:21:02 (12600 turns).

raph the Geomancer (Deep Elf Earth Elementalist)   Turns: 12600, Time: 00:21:03

HP:   -10/50 (59)   AC: 10    Str:  7    XL:     10   Next: 21%
MP:   15/22         EV: 16    Int: 24    God:    Ashenzari [***...]
Gold: 704           SH:  3    Dex: 15    Spells: 9/23 levels left

rFire    + + .     SeeInvis +   t - +9 short sword of Supernal Gnosis {vorpal, rCorr, Range, Comp} (curse)
rCold    . . .     Faith    .   C - +0 buckler of the Eye in the Sky {Melee, Fort} (curse)
rNeg     . . .     Spirit   .   b - +0 robe
rPois    .         Reflect  .   w - +0 helmet of Ashenzari's Omen {Comp, Cun} (curse)
rElec    .         Harm     .   y - +4 cloak of the Lashed Moon {rF++ Str+2, Bglg, Alch} (curse)
rCorr    +         Rampage  .   z - +1 pair of gloves of Ashenzari's Stars {Cun, Elem} (curse)
Will     +....     Clarity  +   (no boots)
Stlth    ++++......             (no amulet)
HPRegen  0.16/turn              (no ring)
MPRegen  0.18/turn              (no ring)

@: heavily drained
A: no striking features
a: Renounce Religion, Shatter the Chains


You were on level 1 of the Lair of Beasts.
You worshipped Ashenzari.
Ashenzari was most pleased with you.
You visited 2 branches of the dungeon, and saw 10 of its levels.
You also visited: Ossuary.

You collected 704 gold pieces.

Inventory:

Hand Weapons
 d - a +0 mace
 g - a +0 short sword
 j - a +1 whip of venom
 t - the cursed +9 short sword of Supernal Gnosis (weapon) {vorpal, rCorr, Range, Comp}
   (You found it on level 4 of the Dungeon)

   It inflicts extra damage upon your enemies.
   rCorr:     It protects you from acid and corrosion.
   It has a curse which improves the following skills: Ranged Combat: Slings,
   Bows, Crossbows and Throwing.
   Companions: Summonings and Necromancy.
Missiles
 c - 91 stones
 l - 43 poisoned darts
Armour
 a - a +3 leather armour
 b - a +0 robe (worn)
 w - the cursed +0 helmet of Ashenzari's Omen (worn) {Comp, Cun}
   (You found it on level 5 of the Dungeon)

   It has a curse which improves the following skills: Companions: Summonings
   and Necromancy.
   Cunning:   Dodging and Stealth.
 y - the cursed +4 cloak of the Lashed Moon (worn) {rF++ Str+2, Bglg, Alch}
   (You found it on level 6 of the Dungeon)

   Str:       It affects your strength (+2).
   rF:        It greatly protects you from fire.
   It has a curse which improves the following skills: Beguiling: Conjurations,
   Hexes and Translocations.
   Alchemy:   Poison Magic and Transmutations.
 z - the cursed +1 pair of gloves of Ashenzari's Stars (worn) {Cun, Elem}
   (You found it on level 6 of the Dungeon)

   It has a curse which improves the following skills: Cunning: Dodging and
   Stealth.
   Elements:  Fire Magic, Ice Magic, Air Magic and Earth Magic.
 C - the cursed +0 buckler of the Eye in the Sky (worn) {Melee, Fort}
   (You took it off a gnoll sergeant on level 7 of the Dungeon)

   It has a curse which improves the following skills: Melee Combat: Short
   Blades, Long Blades, Axes, Maces & Flails, Polearms, Staves and Unarmed
   Combat.
   Fortitude: Armour and Shields.
Jewellery
 H - a ring of protection from cold
Wands
 u - a wand of iceblast (5)
 B - a wand of flame (25)
 I - a wand of charming (8)
Scrolls
 n - 3 scrolls of magic mapping
 p - 5 scrolls of teleportation
 q - 6 scrolls of fog
 s - a scroll of fear
 v - a scroll of amnesia
 x - 2 scrolls of enchant weapon
 D - a scroll of blinking
 E - a scroll of enchant armour
Potions
 e - 3 potions of ambrosia
 f - a potion of flight
 h - a potion of brilliance
 i - 4 potions of curing
 k - 2 potions of berserk rage
 m - a potion of magic
 o - a potion of cancellation
 r - a potion of might
 A - 3 potions of invisibility
 F - a potion of resistance
 G - a potion of heal wounds
 J - a potion of haste


   Skills:
 + Level 5.0 Fighting
 + Level 6.4(9.4) Dodging
 + Level 6.6(9.6) Stealth
 + Level 7.1 Spellcasting
 + Level 7.8(9.7) Conjurations
 - Level 1.1(2.2) Transmutations
 + Level 9.3(11.1) Earth Magic


You had 9 spell levels left.
You knew the following spells:

 Your Spells              Type           Power      Damage    Failure   Level
a - Sandblast             Erth           100%       2d20      1%          1
b - Passwall              Tmut/Erth      33%        N/A       1%          2
c - Stone Arrow           Conj/Erth      100%       3d13      1%          3
d - Petrify               Tmut/Erth      40%        N/A       8%          4
e - Animate Skeleton      Necr           20%        N/A       10%         1
f - Gell's Gravitas       Tloc           4%         N/A       30%         3

Your spell library contained the following spells:

 Spells                   Type           Power      Damage    Failure   Level
 Pain                     Necr           40%        1d6       10%         1
 Summon Small Mammal      Summ           40%        N/A       10%         1
 Apportation              Tloc           18%        N/A       11%         1
 Corona                   Hex            10%        N/A       11%         1
 Slow                     Hex            9%         N/A       16%         2
 Confusing Touch          Hex            9%         N/A       30%         3
 Lesser Beckoning         Tloc           4%         N/A       30%         3
 Teleport Other           Tloc           9%         N/A       30%         3
 Yara's Violent Unravell  Hex/Tmut       7%         3d5       88%         5
 Agony                    Necr           10%        N/A       95%         5
 Excruciating Wounds      Necr           5%         N/A       95%         5


Dungeon Overview and Level Annotations

Branches:
Dungeon (9/15)             Temple (0/1) D:6            Lair (1/6) D:9
Ossuary (visited)
    Orc: D:9-12

Altars:
Ashenzari
Dithmenos
Fedhas
Gozag
Vehumet

Annotations:
Lair:1 Nergalle


Message History

The spectral orc warrior completely misses you.
The spectral orc warrior barely misses you.
The komodo dragon hisses menacingly.
Aiming: Sandblast (safe; 1% risk of failure)
Press: ? - help, Q - select action, (/) - cycle Shift-Dir - straight line, f/p - Nergalle
Aim: Nergalle, wielding a +0 dagger of draining and wearing a +0 robe (lightly wounded, fast, 82% to hit)
The blast of sand misses Nergalle.
The blast of sand hits the spectral orc!!
You destroy the spectral orc!
Nergalle asks, "There's a tasty morsel, hm?"
Nergalle points at you and mumbles some strange words.
Orcish apparitions take form around you.
The yak gores you but does no damage.
The spectral orc warrior closely misses you.
The spectral orc warrior barely misses you.
Nergalle casts a spell at the spectral orc warrior.
The spectral orc warrior seems to speed up.
Casting: Sandblast (safe; 1% risk of failure)
Confirm with . or Enter, or press ? or * to list all spells.
Aiming: Passwall (safe; 1% risk of failure)
Press: ? - help, Dir - move target, p - Nergalle A rock wall.
You block the spectral orc warrior's attack.
You block the yak's attack.
Nergalle points at you and mumbles some strange words.
The bolt of negative energy hits you!!
You feel drained.
The spectral orc warrior hits you but does no damage.
The spectral orc warrior closely misses you.
You begin to meditate on the wall.
You continue meditating on the rock.
Nergalle hits you with a +0 dagger of draining.
* * * LOW HITPOINT WARNING * * *
You feel drained. The yak gores you!
* * * LOW HITPOINT WARNING * * *
The yak barely misses you.
The spectral orc warrior hits you but does no damage. x2
You block Nergalle's attack.
You continue meditating on the rock.
The spectral orc warrior hits you but does no damage.
The yak barely misses you. The yak gores you!
You die...

........# , * , * , ,
).......#########*
.................
.................
................ ,
##.....<......... , ,,
,#......({........ +
,##....ZZ#+####..., * ,
#.....ZY@Zl...#.** #,,,
#.....Z#YoZ..... .. ...
*#......#YYZ...+.
..##...##......#Y.....#
,* ...#
#.........#......#
..#.##+##.............#
......................#
............{...P.#.###
............Y.........
,


You could see Nergalle (fast), a komodo dragon, a spectral orc (summoned), 6
spectral orc warriors and 5 yaks.

Vanquished Creatures
  A two-headed ogre (D:8)
  Pikel (D:7)
  Joseph (D:8)
  A yak (Lair:1)
  A wraith (Ossuary)
  Menkaure (D:6)
  A water moccasin (D:9)
  An orc warrior (D:8)
  6 black bears (D:9)
  An ogre (D:6)
  A phantom (D:4)
  2 centaurs
  A lemure (D:7)
  5 bullfrogs
  A gnoll sergeant (D:7)
  3 scorpions
  A water moccasin skeleton (D:5)
  12 killer bees
  A centaur zombie (D:5)
  2 jellies
  2 hounds (D:6)
  Crazy Yiuf (D:5)
  A gnoll shaman (D:6)
  3 iguanas
  4 orc wizards
  3 mummies (Ossuary)
  2 howler monkey zombies
  16 gnolls
  A howler monkey skeleton (D:4)
  6 adders
  A shadow imp (D:6)
  A white imp (D:6)
  An adder skeleton (D:5)
  A worm (D:5)
  A dart slug (D:3)
  8 orcs
  9 endoplasms
  4 giant cockroaches
  A gnoll zombie (Ossuary)
  4 goblins
  5 hobgoblins
  4 jackals
  2 quokkas (D:2)
  4 ball pythons
  7 bats
  3 frilled lizards
  A goblin zombie (Ossuary)
  10 kobolds
  3 kobold zombies (Ossuary)
  2 orc zombies (Ossuary)
  A rat (D:1)
156 creatures vanquished.

Vanquished Creatures (others)
  43 fungi
  42 plants (D:9)
  4 toadstools (D:1)
89 creatures vanquished.

Grand Total: 245 creatures vanquished

Notes
Turn   | Place    | Note
-------+----------+-------------------------------------------
     0 | D:1      | raph the Deep Elf Earth Elementalist began the quest for
                  | the Orb.
     0 | D:1      | Reached XP level 1. HP: 10/10 MP: 6/6
   448 | D:1      | Reached XP level 2. HP: 15/15 MP: 6/8
   453 | D:1      | Learned a level 2 spell: Passwall
   536 | D:1      | Reached skill level 4 in Earth Magic
   918 | D:1      | Found a faded altar of an unknown god.
  1229 | D:2      | Reached XP level 3. HP: 8/19 MP: 7/9
  1596 | D:2      | Learned a level 3 spell: Stone Arrow
  2303 | D:3      | Reached skill level 1 in Conjurations
  2303 | D:3      | Reached skill level 5 in Earth Magic
  2374 | D:3      | Found a broken altar of Ashenzari.
  2383 | D:3      | Became a worshipper of Ashenzari the Shackled
  2544 | D:3      | Reached XP level 4. HP: 20/24 MP: 10/10
  3865 | D:4      | Reached XP level 5. HP: 28/28 MP: 5/11
  4056 | D:4      | Identified the +9 short sword "Wiulokh" {vorpal, rCorr}
  4323 | D:4      | Found a shadowy altar of Dithmenos.
  4538 | D:4      | Noticed a phantom
  4544 | D:4      | Killed a phantom
  4545 | D:4      | Reached skill level 6 in Earth Magic
  5050 | D:5      | Entered Level 5 of the Dungeon
  5063 | D:5      | Reached * piety under Ashenzari
  5066 | D:5      | Reached XP level 6. HP: 32/32 MP: 9/12
  5071 | D:5      | Learned a level 4 spell: Petrify
  5277 | D:5      | Reached skill level 1 in Fighting
  5349 | D:5      | Learned a level 1 spell: Animate Skeleton
  5483 | D:5      | Reached XP level 7. HP: 32/38 MP: 9/13
  5643 | D:5      | Found a blossoming altar of Fedhas.
  5748 | D:5      | Reached skill level 7 in Earth Magic
  5871 | D:5      | Reached ** piety under Ashenzari
  6233 | D:5      | Found a runed translucent door.
  6234 | D:5      | Noticed Crazy Yiuf
  6248 | D:5      | Killed Crazy Yiuf
  6505 | D:6      | Reached skill level 5 in Conjurations
  7022 | D:6      | Identified the +4 cloak "Pipi" {rF++ Str+2}
  7572 | D:6      | Noticed Menkaure
  7577 | D:6      | Killed Menkaure
  7743 | D:6      | Reached XP level 8. HP: 15/45 MP: 11/14
  9042 | D:6      | Found a staircase to the Ecumenical Temple.
  9289 | D:7      | Learned a level 3 spell: Gell's Gravitas
  9392 | D:7      | Reached skill level 8 in Earth Magic
  9674 | D:7      | Noticed Pikel
  9678 | D:7      | Killed Pikel
  9900 | D:7      | Found a radiant altar of Vehumet.
  9950 | D:7      | Reached XP level 9. HP: 52/52 MP: 14/18
  9985 | D:7      | Reached *** piety under Ashenzari
 10254 | D:8      | Found a flagged portal.
 10345 | D:8      | Noticed a two-headed ogre
 10357 | D:8      | Killed a two-headed ogre
 10358 | D:8      | Reached skill level 5 in Dodging
 10358 | D:8      | Reached skill level 5 in Stealth
 10358 | D:8      | Reached skill level 5 in Spellcasting
 10378 | D:8      | Found a sand-covered staircase.
 10483 | Ossuary  | Entered an ossuary
 11062 | D:8      | Noticed Joseph
 11073 | D:8      | Killed Joseph
 11433 | D:8      | Reached skill level 9 in Earth Magic
 11932 | D:9      | Reached XP level 10. HP: 40/58 MP: 11/22
 12258 | D:9      | Found a staircase to the Lair.
 12263 | D:9      | Reached skill level 5 in Fighting
 12372 | D:9      | Found an opulent altar of Gozag.
 12543 | Lair:1   | Entered Level 1 of the Lair of Beasts
 12568 | Lair:1   | Noticed Nergalle
 12600 | Lair:1   | Mangled by a yak

Illustrated notes

Levels and vault maps discovered:
D:1:      ldierk_water_garden, layout_loops_ring, ebering_ecumenical_altar_webs,
          minivault_27, minmay_nonomino_d4
D:2:      layout_basic
D:3:      layout_loops_ring, nicolae_ashenzari_panopticon,
          kennysheep_generic_room_5
D:4:      layout_layer_cave, nicolae_dithmenos_through_a_glass_darkly,
          serial_glass, glass_columns_b, glass_columns_b
D:5:      layout_loops_ring, mainiacjoe_overflow_brackets,
          uniq_crazy_yiuf_cottage
D:6:      layout_layer_cave, temple_hall, uniq_menkaure
D:7:      layout_cave_pools, vehumet_altar_wand_db, uniq_pikel
D:8:      layout_loops_ring, enter_bailey_8, nicolae_ossuary_entry_monument,
          uniq_joseph
D:9:      layout_basic, nicolae_gozag_cash_rules_everything_around_me,
          due_lair_maze_entry_diamond, nicolae_lava_and_water
Lair:1:   layout_regular_city, nicolae_volcano_entry_two_sided,
          beast_lair_carwin_2, uniq_nergalle

Skill      XL: |  1  2  3  4  5  6  7  8  9 10 |
---------------+-------------------------------+-----
Earth Magic    | 4 5 6 7 8 9 |  9.3
Conjurations   | 1 2 3 4 5 6 7 |  7.8
Fighting       | 1 2 3 4 5 |  5.0
Dodging        | 4 6 |  6.4
Stealth        | 4 6 |  6.6
Spellcasting   | 4 6 7 |  7.1
Transmutations | |  1.1

Action                   |  1- 3 |  4- 6 |  7- 9 | 10-12 || total
-------------------------+-------+-------+-------+-------++-------
Melee: Mace              |     3 |       |       |       ||     3
       Whip              |     7 |       |       |       ||     7
       Dagger            |    29 |    46 |    74 |       ||   149
       Short sword       |     1 |       |     6 |     5 ||    12
 Cast: Sandblast         |    38 |    33 |    78 |    26 ||   175
       Passwall          |     1 |       |     4 |     1 ||     6
       Stone Arrow       |       |     4 |    34 |     4 ||    42
       Gell's Gravitas   |       |       |     1 |       ||     1
Invok: Curse Item        |       |     2 |     4 |     1 ||     7
       Shatter the Chain |       |       |     2 |       ||     2
  Use: Scroll            |     7 |       |     1 |       ||     8
       Potion            |       |       |     3 |       ||     3
 Stab: Sleeping          |     7 |     1 |     5 |       ||    13
       Distracted        |       |     1 |     1 |       ||     2
Armor: Robe              |    10 |    14 |    35 |    14 ||    73
Dodge: Dodged            |    29 |    39 |   102 |    30 ||   200
Block: Buckler           |       |       |     9 |     8 ||    17
